cohdb
Replays
Latest Replays
All Replays
Popular Replays
Top Player Replays
Match Explorer
How It Works
Community
CoH3 Stats
Reddit
Sign in to upload your games and track your stats! →
Sign in with Steam
Match 45271092
Unlisted
Match 45271092
Overview
Messages
Build Orders
End
Kettenkrad Recon Vehicle
Construct Infanterie Kompanie
Selects Terror Battlegroup
Selects Machine Gun Camouflage
Grenadier Squad
Grenadier Squad
Medical Station
MG 42 Machine Gun Team
Construct Panzergrenadier Kompanie
Pioneer Squad
251 Medium Carrier
Selects Contempt for the Weak
Infanterie Officer Quarters
Panzergrenadier Officer Quarters
Pak 40 Anti-tank Gun Team
Construct Panzer Kompanie
Stoßtruppen Squad
Panzer IV Medium Tank
Pioneer Squad
Panzer Officer Quarters
Ermac[Pointrunner]
Otto Karius
-AL- Nimahfrosch
BLONDI
0
0
Comments
sign in to comment!
No comments posted yet!